 Dungeon Crawl Stone Soup version 0.21-a0-278-ga722497 (webtiles) character file.

2032 4thArraOfDagon the Fighter (level 9, -12/77 HPs)
             Began as a Human Wanderer on Sept 20, 2017.
             Was a Follower of Nemelex Xobeh.
             Mangled by a gnoll sergeant
             ... wielding a +0 trident of flaming
              (14 damage)
             ... on level 8 of the Dungeon.
             The game lasted 00:18:32 (4992 turns).

4thArraOfDagon the Fighter (Human Wanderer)         Turns: 4992, Time: 00:18:33

Health: -12/77     AC:  8    Str: 12    XL:     9   Next: 47%
Magic:  10/10      EV: 10    Int: 16    God:    Nemelex Xobeh [*.....]
Gold:   385        SH:  0    Dex: 13    Spells: 6/8 levels left

rFire    . . .     SeeInvis .   B - +3 long sword (freeze)
rCold    . . .     Gourm    .   (no shield)
rNeg     . . .     Faith    .   k - +0 ring mail
rPois    .         Spirit   .   (no helmet)
rElec    .         Reflect  .   (no cloak)
rCorr    .         Harm     .   J - +0 pair of gloves
MR       +....                  (no boots)
Stlth    +.........             (no amulet)
HPRegen  0.22/turn              L - ring of protection from magic
MPRegen  0.12/turn              p - +2 ring of protection

@: no status effects
A: no striking features
a: Renounce Religion


You were on level 8 of the Dungeon.
You worshipped Nemelex Xobeh.
Nemelex Xobeh was aware of your devotion.
You were not hungry.

You visited 2 branches of the dungeon, and saw 9 of its levels.

You collected 385 gold pieces.

Inventory:

Hand Weapons
 b - a +0 shortbow
 g - a +0 mace
 l - a cursed -2 dagger
 r - a +1 flail of draining
 B - a +3 long sword of freezing (weapon)
Missiles
 c - 158 arrows
Armour
 e - a +0 robe
 k - a +0 ring mail (worn)
 J - a +0 pair of gloves (worn)
Jewellery
 o - an uncursed ring of positive energy
 p - a +2 ring of protection (right hand)
 v - an uncursed ring of stealth
 D - an uncursed ring of protection from cold
 L - a ring of protection from magic (left hand)
Wands
 a - a wand of enslavement (14/24)
Scrolls
 d - 4 scrolls of teleportation
 n - a scroll of magic mapping
 q - 2 scrolls of remove curse
 s - 3 scrolls of noise
 u - 4 scrolls of fear
 y - a scroll of random uselessness
 F - a scroll of enchant weapon {unknown}
 H - a scroll of amnesia {unknown}
 I - a scroll of blinking
Potions
 i - 2 potions of might
 z - a potion of haste
 G - a potion of magic
 K - a potion of mutation
Books
 m - a book of Minor Magic

   Spells                             Type                      Level
   a - Magic Dart                     Conjuration                  1
   b - Blink                          Translocation                2
   c - Call Imp                       Summoning                    2
   d - Slow                           Hexes                        2
   e - Conjure Flame                  Conjuration/Fire             3
   f - Mephitic Cloud                 Conjuration/Poison/Air       3
 t - a book of Changes

   Spells                             Type                      Level
   a - Beastly Appendage              Transmutation                1
   b - Sticks to Snakes               Transmutation                2
   c - Spider Form                    Transmutation/Poison         3
   d - Ice Form                       Ice/Transmutation            4
   e - Blade Hands                    Transmutation                5
Miscellaneous
 x - a plain deck of escape
 C - a plain deck of destruction
Comestibles
 f - 5 bread rations
 h - 3 meat rations
 j - a royal jelly
 w - 2 fruits
 M - 2 chunks of flesh


   Skills:
 - Level 9.4 Fighting
 * Level 2.7 Long Blades
 - Level 7.1 Bows
 - Level 3.2 Armour
 + Level 1.4 Dodging
   Level 1.0 Shields
 + Level 1.5 Invocations
 - Level 1.0 Evocations


You had 6 spell levels left.
You knew the following spells:

 Your Spells              Type           Power        Failure   Level  Hunger
a - Blink                 Tloc           N/A          63%         2    ###....


Dungeon Overview and Level Annotations

Branches:
Dungeon (8/15)             Temple (1/1) D:5
   Lair: D:8-11

Altars:
Ashenzari
Cheibriados
Dithmenos
Elyvilon
Fedhas
Gozag
Hepliaklqana
Kikubaaqudgha
Makhleb
Nemelex Xobeh
Okawaru
Qazlal
Sif Muna
Trog
Uskayaw
Vehumet
Xom
Yredelemnul
Zin
The Shining One

Shops:
D:6 }

Annotations:
D:5 p0werm0de's ghost, novice DsFE
D:7 exclusion: ice statue


Message History

You freeze the gnoll sergeant.
The gnoll sergeant is almost dead.
Unknown command.
You hit the gnoll sergeant but do no damage.
The gnoll sergeant is almost dead.
The gnoll sergeant hits you with a trident of flaming!
* * * LOW HITPOINT WARNING * * *
The gnoll sergeant burns you.
* * * LOW HITPOINT WARNING * * *
The gnoll sergeant hits you with a trident of flaming.
* * * LOW HITPOINT WARNING * * *
The gnoll sergeant burns you.
* * * LOW HITPOINT WARNING * * *
Unknown command.
Unknown command.
You closely miss the gnoll sergeant.
The gnoll sergeant is almost dead.
The gnoll sergeant hits you with a trident of flaming!
You die...
Your body disappears without a glow.

#.# ##.##########
............#
##)########†#
.....# #.# ##.#.#
#.##### #.#.#
#...).## #.#.#
#.###.g# #.#.# ###
##@# #.#># #.#
#†#.##### #)#
#.......# #.#
###.....# #.#
#.....## #)#
###......#8..g'.#
##.......##....###
.........#.....


You could see a gnoll sergeant.

Vanquished Creatures
  Grinder (D:3)
  Menkaure (D:6)
  An orc warrior (D:7)
  A black bear (D:6)
  4 centaurs
  An ogre (D:7)
  2 bullfrogs
  2 scorpions (D:4)
  5 howler monkeys
  2 crimson imps (D:7)
  A bullfrog zombie (D:6)
  A centaur zombie (D:6)
  3 orc priests
  A hound (D:6)
  An orc wizard (D:3)
  2 bullfrog skeletons
  A centaur skeleton (D:5)
  An iguana (D:4)
  6 worker ants
  4 gnolls (D:8)
  4 adders
  A shadow imp (D:6)
  A dart slug (D:1)
  2 worms
  5 leopard geckos
  13 orcs
  3 bats (D:1)
  6 giant cockroaches
  3 goblins
  6 hobgoblins
  8 jackals
  4 quokkas
  2 frilled lizards
  6 kobolds
  A leopard gecko skeleton (D:8)
  2 rats
108 creatures vanquished.

Vanquished Creatures (collateral kills)
  A gnoll (D:8)
1 creature vanquished.

Grand Total: 109 creatures vanquished

Notes
Turn   | Place    | Note
-------+----------+-------------------------------------------
     0 | D:1      | 4thArraOfDagon the Human Wanderer began the quest for the Orb.
     0 | D:1      | 4thArraOfDagon set off with: a wand of enslavement (15/24), a +0 shortbow, 24 arrows, a scroll of teleportation, a +0 robe, a bread ration
     0 | D:1      | Reached XP level 1. HP: 19/19 MP: 1/1
    94 | D:1      | Reached XP level 2. HP: 17/26 MP: 2/2
   339 | D:3      | Reached XP level 3. HP: 21/31 MP: 3/3
   367 | D:3      | Learned a level 2 spell: Blink
   477 | D:4      | Noticed a scorpion
   488 | D:4      | Noticed a scorpion
   537 | D:3      | Reached XP level 4. HP: 16/38 MP: 4/4
   637 | D:3      | Reached XP level 5. HP: 8/43 MP: 5/5
   691 | D:4      | HP: 1/43 [scorpion (3)]
   967 | D:3      | Noticed Grinder
   973 | D:3      | Paralysed by Grinder for 2 turns
   981 | D:3      | Paralysed by Grinder for 3 turns
   996 | D:3      | HP: 2/43 [Grinder (1)]
  1006 | D:3      | Paralysed by Grinder for 2 turns
  1008 | D:3      | Killed Grinder
  1008 | D:3      | Reached XP level 6. HP: 4/49 MP: 6/6
  1600 | D:4      | Reached XP level 7. HP: 55/55 MP: 7/7
  1777 | D:5      | Entered Level 5 of the Dungeon
  1881 | D:5      | Reached skill level 5 in Fighting
  2011 | D:6      | Reached skill level 6 in Fighting
  2011 | D:6      | Reached XP level 8. HP: 45/64 MP: 8/8
  2061 | D:5      | Noticed p0werm0de's ghost (novice DsFE)
  2206 | D:6      | Noticed Menkaure
  2217 | D:6      | HP: 1/65 [Menkaure/nerve-wracking pain (12)]
  2222 | D:6      | Killed Menkaure
  2222 | D:6      | Reached skill level 7 in Fighting
  2502 | D:7      | Found a bloodstained altar of Trog.
  2575 | D:7      | Reached skill level 8 in Fighting
  2852 | D:7      | Reached XP level 9. HP: 39/75 MP: 9/9
  3030 | D:7      | Noticed an ice statue
  3326 | D:6      | Reached skill level 9 in Fighting
  3454 | D:6      | Found Lifuram's Gadget Shoppe.
  3534 | D:5      | Found a staircase to the Ecumenical Temple.
  3542 | Temple   | Entered the Ecumenical Temple
  3625 | Temple   | Became a worshipper of Nemelex Xobeh the Trickster
  3801 | D:4      | Reached skill level 1 in Long Blades
  3802 | D:4      | Received a gift from Nemelex Xobeh
  4065 | D:2      | Received a gift from Nemelex Xobeh
  4260 | D:2      | Reached * piety under Nemelex Xobeh
  4868 | D:8      | Reached skill level 1 in Dodging
  4868 | D:8      | Reached skill level 1 in Invocations
  4963 | D:8      | Found a hide-covered altar of Uskayaw.
  4991 | D:8      | HP: 2/77 [gnoll sergeant/trident of flaming (2)]
  4992 | D:8      | Mangled by a gnoll sergeant

Vault maps used:
D:1:      onia_arrival_mini_maze, minmay_tree_intersection, minivault_4
D:2:      first_bread, minmay_parallelograms
D:3:      uniq_grinder
D:5:      minmay_temple_entry_trees
D:6:      serial_shops, nicolae_shop_trees, uniq_menkaure
D:7:      lemuel_ice_statue, bloody_trog
D:8:      kennysheep_mini_moat, gammafunk_temple_overflow_pools
Temple:   regret_index_temple_mists

Skill      XL: |  1  2  3  4  5  6  7  8  9 |
---------------+----------------------------+-----
Bows           | 2 3 4 6 7 |  7.1
Fighting       | 6 8 9 |  9.4
Long Blades    | 2 |  2.7
Dodging        | 1 |  1.4
Invocations    | 1 |  1.5
Armour         | |  3.2
Shields        | |  1.0
Evocations     | |  1.0

Action                   |  1- 3 |  4- 6 |  7- 9 || total
-------------------------+-------+-------+-------++-------
Melee: Flail             |       |       |   120 ||   120
       Long sword        |       |       |    78 ||    78
 Fire: Shortbow          |    85 |    78 |   146 ||   309
 Cast: Blink             |       |     1 |       ||     1
Evoke: Wand              |       |       |     1 ||     1
  Use: Scroll            |     2 |     1 |    11 ||    14
       Potion            |     2 |     1 |     5 ||     8
  Eat: Chunk             |       |     2 |     9 ||    11
       Royal jelly       |       |       |     1 ||     1
Armor: Robe              |    11 |       |       ||    11
       Skin              |       |     3 |    26 ||    29
       Ring mail         |       |     8 |   112 ||   120
Dodge: Dodged            |    43 |    23 |   173 ||   239
       Rpst.: Long sword |       |       |    13 ||    13

Table legend:
 A = Spawn XP
 B = Non-spawn XP
 C = Spawn XP percentage of total XP
 D = Spawn monster count
 E = Non-spawn monster count
 F = Spawn count percentage of total count
 G = Total turns spent on level
                    A         B        C        D         E        F      G
               +---------+---------+-------+---------+---------+-------+---------
         Total |       0 |    2903 |   0.0 |       0 |     109 |   0.0 |  4992
               +---------+---------+-------+---------+---------+-------+---------
           D:1 |       0 |      26 |   0.0 |       0 |      14 |   0.0 |   397
           D:2 |       0 |      29 |   0.0 |       0 |      13 |   0.0 |   508
           D:3 |       0 |     480 |   0.0 |       0 |      14 |   0.0 |  1201
           D:4 |       0 |     322 |   0.0 |       0 |      16 |   0.0 |   594
           D:5 |       0 |     213 |   0.0 |       0 |       5 |   0.0 |   301
           D:6 |       0 |     856 |   0.0 |       0 |      20 |   0.0 |   671
           D:7 |       0 |     716 |   0.0 |       0 |      18 |   0.0 |  1095
           D:8 |       0 |     261 |   0.0 |       0 |       9 |   0.0 |   132
               +---------+---------+-------+---------+---------+-------+---------
